 Dungeon Crawl Stone Soup version 0.26-a0-597-gb535b0901c (webtiles) character file.

Game seed: 308104338826001116

60 Alarkh the Insei (level 3, -1/27 HPs)
             Began as a Demonspawn Transmuter on Sept 12, 2020.
             Killed by divine providence
             ... invoked by an orc priest
              (12 damage)
             ... on level 2 of the Dungeon.
             The game lasted 00:02:06 (1950 turns).

Alarkh the Insei (Demonspawn Transmuter)            Turns: 1950, Time: 00:02:06

Health: -1/27      AC:  2    Str:  7 (10) XL:     3   Next: 82%
Magic:  6/6        EV: 12    Int: 13 (15) God:
Gold:   61         SH:  0    Dex: 10 (13) Spells: 5/6 levels left

rFire    . . .     SeeInvis .     - Unarmed
rCold    . . .     Faith    .   (no shield)
rNeg     + . .     Spirit   .   a - +0 robe
rPois    .         Reflect  .   (no helmet)
rElec    .         Harm     .   (no cloak)
rCorr    .                      (no gloves)
MR       .....                  (no boots)
Stlth    +.........             (no amulet)
HPRegen  0.09/turn              g - ring of positive energy
MPRegen  0.10/turn              (no ring)

@: no status effects
A: claws 2
a: no special abilities


You were on level 2 of the Dungeon.
You visited 1 branch of the dungeon, and saw 2 of its levels.

You collected 61 gold pieces.

Inventory:

Armour
 a - a +0 robe (worn)
Jewellery
 g - a ring of positive energy (left claw)
Scrolls
 b - a scroll of noise {unknown}
 e - 2 scrolls of identify {unknown}
 h - a scroll of teleportation {unknown}


   Skills:
 + Level 2.2 Fighting
 - Level 1.7 Dodging
 * Level 3.9 Unarmed Combat
 - Level 2.0 Spellcasting
 - Level 1.7 Transmutations


You had 5 spell levels left.
You knew the following spells:

 Your Spells              Type           Power        Failure   Level
a - Beastly Appendage     Tmut           #.....       12%         1

Your spell library contained the following spells:

 Spells                   Type           Power        Failure   Level
 Wereblood                Tmut           #.......     19%         2
 Spider Form              Tmut/Pois      #.........   47%         3
 Ice Form                 Ice/Tmut       #.......     87%         4
 Blade Hands              Tmut           #.........   98%         5


Dungeon Overview and Level Annotations

Branches:
Dungeon (2/15)

Altars:
Elyvilon


Innate Abilities, Weirdness & Mutations

You have very sharp fingernails.


Message History

The orc priest closely misses you.
You scratch the orc priest but do no damage.
The orc priest is moderately wounded.
The orc priest barely misses you.
You closely miss the orc priest.
The orc priest is moderately wounded.
The orc priest hits you with a +0 trident.
You claw the orc priest!
The orc priest is almost dead.
The orc priest hits you with a +0 trident.
You barely miss the orc priest.
The orc priest is severely wounded.
The orc priest hits you but does no damage.
You closely miss the orc priest.
The orc priest is severely wounded.
You closely miss the orc priest.
The orc priest is severely wounded.
The orc priest invokes the aid of Beogh against you.
Beogh smites you!
You die...

#.........#
#.#.....#.#
#.........#
##.##.#####
#....#
#.#### #.#
#o# #@# #.#
#.# #.# #[#
#<# ###


You could see an orc priest.

Vanquished Creatures
  A gnoll (D:1)
  An adder (D:2)
  An ooze (D:2)
  A dart slug (D:1)
  A leopard gecko (D:2)
  3 orcs
  A giant cockroach (D:2)
  3 goblins
  4 hobgoblins (D:1)
  4 jackals (D:1)
  A kobold (D:1)
  6 bats
  3 frilled lizards
  A rat (D:1)
31 creatures vanquished.

Notes
Turn   | Place    | Note
-------+----------+-------------------------------------------
     0 | D:1      | Alarkh the Demonspawn Transmuter began the quest for the
                  | Orb.
     0 | D:1      | Reached XP level 1. HP: 15/15 MP: 3/3
   126 | D:1      | Reached skill level 3 in Unarmed Combat
   161 | D:1      | Gained mutation: You have sharp fingernails. [demonic
                  | ancestry]
   161 | D:1      | Reached XP level 2. HP: 5/21 MP: 5/5
   656 | D:1      | Gained mutation: You have very sharp fingernails. [demonic
                  | ancestry]
   656 | D:1      | Reached XP level 3. HP: 20/27 MP: 6/6
   833 | D:2      | Found a white marble altar of Elyvilon.
   899 | D:2      | HP: 2/40 [poisoned by an adder]
   907 | D:2      | HP: 1/40 [poisoned by an adder]
  1950 | D:2      | Killed from afar by an orc priest

Illustrated notes

Levels and vault maps discovered:
D:1:      dpeg_arrival_arbitrary_b, layout_rooms
D:2:      layout_basic, elyvilon_altar_5, lemuel_coloured_pillars_altar,
          minmay_diced_spiral, uniq_sigmund

Skill      XL: |  1  2  3 |
---------------+----------+-----
Unarmed Combat | 3 |  3.9
Fighting       | 2 |  2.2
Dodging        | |  1.7
Spellcasting   | |  2.0
Transmutations | |  1.7

Action                   || total
-------------------------++-------
Melee: Unarmed           ||   114
  Use: Potion            ||     5
Armor: Robe              ||    31
Dodge: Dodged            ||    99

Table legend: (Time is in decaauts)
 A = Elapsed time spent in this place.
 B = Non-inter-level travel time spent in this place.
 C = Inter-level travel time spent in this place.
 D = Time resting spent in this place.
 E = Time spent auto-exploring this place.
 F = Levels seen in this place.
 G = Mean time per level.
                   A        B        C        D        E       F      G
               +--------+--------+--------+--------+--------+-----+--------+
         Total |   1946 |   1914 |     32 |   1092 |    474 |   2 |  973.0 |
       Dungeon |   1946 |   1914 |     32 |   1092 |    474 |   2 |  973.0 |
               +--------+--------+--------+--------+--------+-----+--------+

Top non-repeatable levels by time:
     D:1: 1469 daAuts
     D:2: 476 daAuts
